 Dungeon Crawl Stone Soup version 0.21-a0-405-gf2af9a1 (webtiles) character file.

246 Slyspawn the Firebug (level 5, -6/40 HPs)
             Began as a Draconian Fire Elementalist on Nov 1, 2017.
             Was an Initiate of Sif Muna.
             Mangled by a hippogriff (11 damage)
             ... on level 4 of the Dungeon.
             The game lasted 00:18:41 (3240 turns).

Slyspawn the Firebug (Draconian Fire Elementalist)  Turns: 3240, Time: 00:18:42

Health: -6/40      AC:  8    Str: 10    XL:     5   Next: 84%
Magic:  2/10       EV: 12    Int: 17    God:    Sif Muna [......]
Gold:   185        SH:  5    Dex: 11    Spells: 7/10 levels left

rFire    + . .     SeeInvis .   e - +0 hunting sling
rCold    . . .     Gourm    .   (no shield)
rNeg     . . .     Faith    .   (armour unavailable)
rPois    .         Spirit   .   (helmet restricted)
rElec    .         Reflect  +   (no cloak)
rCorr    .         Harm     .   m - +1 pair of gloves
MR       .....     Clarity  +   i - +0 pair of boots
Stlth    ++........             k - +5 amulet of reflection
HPRegen  0.13/turn              o - ring of protection from fire
MPRegen  0.12/turn              (no ring)

@: very slightly contaminated
A: unfitting armour, talons 1, clarity, high mp 1, wild magic 1, cold-blooded,
AC +5
a: Renounce Religion


You were on level 4 of the Dungeon.
You worshipped Sif Muna.
Sif Muna was noncommittal.
You were very hungry.

You visited 1 branch of the dungeon, and saw 4 of its levels.

You collected 185 gold pieces.

Inventory:

Hand Weapons
 e - a +0 hunting sling (weapon)
Missiles
 h - 158 stones (quivered)
Armour
 g - a +1 pair of boots
 i - a +0 pair of boots (worn)
 m - a +1 pair of gloves (worn)
Jewellery
 k - a +5 amulet of reflection (around neck)
 o - a ring of protection from fire (left hand)
Scrolls
 l - a scroll of enchant armour
 r - a scroll of remove curse
 s - a scroll of identify
Potions
 p - a potion of might
Books
 a - a book of Flames

   Spells                             Type                      Level
   a - Flame Tongue                   Conjuration/Fire             1
   b - Throw Flame                    Conjuration/Fire             2
   c - Conjure Flame                  Conjuration/Fire             3
   d - Inner Flame                    Hexes/Fire                   3
   e - Sticky Flame                   Conjuration/Fire             4
   f - Fireball                       Conjuration/Fire             5
Comestibles
 b - 4 bread rations
 c - 5 fruits
 j - a meat ration


   Skills:
 + Level 1.4 Fighting
 * Level 3.0 Slings
 + Level 1.9 Dodging
 + Level 2.0 Stealth
 * Level 3.1 Spellcasting
 + Level 2.0 Conjurations
 + Level 3.9 Fire Magic


You had 7 spell levels left.
You knew the following spells:

 Your Spells              Type           Power        Failure   Level  Hunger
a - Flame Tongue          Conj/Fire      ###..        8%          1    None
b - Throw Flame           Conj/Fire      ###...       12%         2    ##.....


Dungeon Overview and Level Annotations

Branches:
Dungeon (4/15)             Temple (0/1) D:4

Altars:
Qazlal
Sif Muna
Wu Jian


Innate Abilities, Weirdness & Mutations

Your plain brown scales are hard. (AC +5)
You cannot fit into any form of body armour.
You are cold-blooded and may be slowed by cold attacks.
You have sharp toenails.
You possess an exceptional clarity of mind.
You have an increased reservoir of magic. (+10% MP)
Your spells are a little harder to cast, but a little more powerful.


Message History

Aiming: Flame Tongue
Press: ? - help, Shift-Dir - straight line, f/p - hippogriff
Aim: a hippogriff (severely wounded)
The flame tongue hits the hippogriff.
The hippogriff is severely wounded.
The hippogriff bites you!
* * * LOW HITPOINT WARNING * * *
The hippogriff misses you. The hippogriff claws you.
* * * LOW HITPOINT WARNING * * *
Okay, then.
Okay, then.
Casting: Flame Tongue
Confirm with . or Enter, or press ? or * to list all spells.
Aiming: Flame Tongue
Press: ? - help, Shift-Dir - straight line, f/p - hippogriff
Aim: a hippogriff (severely wounded)
The flame tongue hits the hippogriff.
The hippogriff is almost dead.
The hippogriff bites you!
You die...

#....... #....... #....... ###
### #....... #.. ..# #....... #.#
#.# #....... ######.###.#
#......<
(........#.###############.......
.(.............H@................
...........###############.......
.......##### ##'##### ######.#
#.# # ... #.# # ##... #.# # ###.#
#.# .# #.## .# #..#


You could see a hippogriff.

Vanquished Creatures
  A howler monkey (D:4)
  A jelly (D:3)
  Jessica (D:3)
  6 adders
  An ooze (D:1)
  3 worms (D:2)
  2 dart slugs
  5 leopard geckos
  An orc (D:3)
  9 bats
  6 giant cockroaches
  8 goblins
  9 hobgoblins
  2 jackals (D:2)
  2 quokkas
  2 ball pythons
  A ball python skeleton (D:3)
  3 frilled lizards
  6 kobolds
  9 rats
78 creatures vanquished.

Notes
Turn   | Place    | Note
-------+----------+-------------------------------------------
     0 | D:1      | Slyspawn the Draconian Fire Elementalist began the quest for the Orb.
     0 | D:1      | Reached XP level 1. HP: 14/14 MP: 3/3
   164 | D:1      | Reached XP level 2. HP: 20/20 MP: 0/5
   676 | D:1      | Reached XP level 3. HP: 26/26 MP: 3/6
   920 | D:1      | Gained mutation: You have sharp toenails. [potion of mutation]
   920 | D:1      | Gained mutation: Your spells are a little harder to cast, but a little more powerful. [potion of mutation]
   920 | D:1      | Gained mutation: You possess an exceptional clarity of mind. [potion of mutation]
   920 | D:1      | Gained mutation: You have an increased reservoir of magic. (+10% MP) [potion of mutation]
  1246 | D:2      | Found a deep blue altar of Sif Muna.
  1249 | D:2      | Found an ornate altar of the Wu Jian Council.
  1272 | D:2      | Became a worshipper of Sif Muna the Loreminder
  1337 | D:2      | Found a stormy altar of Qazlal.
  1370 | D:2      | Reached XP level 4. HP: 33/33 MP: 8/8
  1393 | D:2      | Learned a level 2 spell: Throw Flame
  1447 | D:2      | Reached skill level 1 in Slings
  1461 | D:2      | Reached skill level 1 in Fighting
  2500 | D:3      | Reached XP level 5. HP: 40/40 MP: 0/10
  2645 | D:3      | Noticed Jessica
  2681 | D:3      | Killed Jessica
  3116 | D:4      | Found a staircase to the Ecumenical Temple.
  3218 | D:4      | Noticed a hippogriff
  3240 | D:4      | Mangled by a hippogriff

Vault maps used:
D:1:      scummos_arrival_simple_fountains
D:2:      lemuel_crystal_altar, gammafunk_temple_overflow_pools, first_bread,
          serial_forest, infiniplex_forest_lined_1, infiniplex_forest_lined_1,
          infiniplex_forest_lined_room_2, infiniplex_forest_clump_curved,
          infiniplex_forest_lined_room_2, infiniplex_forest_end_1,
          grunt_decor_mini_mirrors
D:3:      kennysheep_cross_room, minmay_divided_ellipse, uniq_jessica
D:4:      minmay_temple_entry_fiery

Skill      XL: |  1  2  3  4  5 |
---------------+----------------+-----
Slings         | 2 3 |  3.0
Fighting       | 1 |  1.4
Stealth        | 2 |  2.0
Spellcasting   | 3 |  3.1
Conjurations   | 2 |  2.0
Dodging        | |  1.9
Fire Magic     | |  3.9

Action                   |  1- 3 |  4- 6 || total
-------------------------+-------+-------++-------
Melee: Hunting sling     |     6 |       ||     6
       Tailslap          |     2 |       ||     2
 Fire: Hunting sling     |    42 |    45 ||    87
 Cast: Flame Tongue      |    44 |    41 ||    85
       Throw Flame       |       |    22 ||    22
  Use: Scroll            |     4 |     5 ||     9
       Potion            |     4 |     4 ||     8
  Eat: Chunk             |     1 |     7 ||     8
Armor: Skin              |    15 |     9 ||    24
Dodge: Dodged            |    30 |    34 ||    64
Block: Other             |     3 |    11 ||    14

Table legend:
 A = Spawn XP
 B = Non-spawn XP
 C = Spawn XP percentage of total XP
 D = Spawn monster count
 E = Non-spawn monster count
 F = Spawn count percentage of total count
 G = Total turns spent on level
                    A         B        C        D         E        F      G
               +---------+---------+-------+---------+---------+-------+---------
         Total |       0 |     352 |   0.0 |       0 |      78 |   0.0 |  3240
               +---------+---------+-------+---------+---------+-------+---------
           D:1 |       0 |      59 |   0.0 |       0 |      25 |   0.0 |  1171
           D:2 |       0 |      74 |   0.0 |       0 |      23 |   0.0 |   786
           D:3 |       0 |     148 |   0.0 |       0 |      27 |   0.0 |  1002
           D:4 |       0 |      71 |   0.0 |       0 |       3 |   0.0 |   281
               +---------+---------+-------+---------+---------+-------+---------
